 Dungeon Crawl Stone Soup version 0.20.0-8-g6b59dc7 (webtiles) character file.

97 straycat the Cutter (level 4, 0/32 HPs)
             Began as a Vampire Wanderer on June 2, 2017.
             Slain by an orc wizard
             ... wielding a +0 dagger
              (1 damage)
             ... on level 3 of the Dungeon on June 3, 2017.
             The game lasted 00:11:27 (2721 turns).

straycat the Cutter (Vampire Wanderer)              Turns: 2721, Time: 00:11:28

Health: 0/32       AC:  3    Str: 10    XL:     4   Next: 42%
Magic:  7/7        EV: 12    Int: 11    God:
Gold:   107        SH:  0    Dex: 18    Spells: 3/7 levels left

rFire    . . .     SeeInvis +   c - +0 short sword
rCold    . . .     Gourm    .   (no shield)
rNeg     . . .     Faith    .   g - +0 leather armour
rPois    .         Spirit   .   (no helmet)
rElec    .         Reflect  .   (no cloak)
rCorr    .         Harm     .   (no gloves)
MR       .....                  (no boots)
Stlth    +++.......             (no amulet)
Regen    0.3/turn               h - ring of wizardry
MPRegen  0.1/turn               (no ring)

@: regenerating quickly
A: fangs 3, see invisible, unbreathing
a: no special abilities


You were on level 3 of the Dungeon.
You were full.

You visited 1 branch of the dungeon, and saw 3 of its levels.

You collected 107 gold pieces.

Inventory:

Hand Weapons
 c - a +0 short sword (weapon)
Missiles
 m - 66 stones (quivered)
 o - 41 arrows
 r - 11 sling bullets
 s - 22 poisoned needles
Armour
 d - a +0 robe
 g - a +0 leather armour (worn)
 t - a +0 plate armour
 v - a +0 shield
Jewellery
 h - a ring of wizardry (left hand)
Scrolls
 f - 2 scrolls of identify
 l - 2 scrolls of magic mapping {unknown}
 n - a scroll of recharging {unknown}
 q - 2 scrolls of fog {unknown}
 u - a scroll of enchant weapon {unknown}
Potions
 e - 15 potions of blood
 i - a potion of brilliance {unknown}
 j - 2 potions of curing
 k - a potion of flight {unknown}
 p - a potion of berserk rage {unknown}
Books
 a - a Young Poisoner's Handbook

   Spells                             Type                      Level
   a - Sting                          Conjuration/Poison           1
   b - Poisonous Vapours              Poison/Air                   2
   c - Mephitic Cloud                 Conjuration/Poison/Air       3
   d - Olgreb's Toxic Radiance        Poison                       4
   e - Venom Bolt                     Conjuration/Poison           5
 b - Sif Muna's Reference Book on Moulding

   Spells                             Type                      Level
   a - Beastly Appendage              Transmutation                1
   b - Ignite Poison                  Fire/Transmutation/Poison    3


   Skills:
 + Level 1.3 Fighting
 * Level 4.2 Short Blades
 * Level 2.3 Dodging
 * Level 3.9 Stealth
 + Level 2.2 Spellcasting
 - Level 1.0 Poison Magic
   Level 1.0 Evocations


You had 3 spell levels left.
You knew the following spells:

 Your Spells              Type           Power        Failure   Level  Hunger
a - Sting                 Conj/Pois      #...         13%         1    ##.....
b - Ignite Poison         Fire/Tmut/Pois #.......     38%         3    ####...


Dungeon Overview and Level Annotations

Branches:
Dungeon (3/15)

Altars:


Innate Abilities, Weirdness & Mutations

Your natural rate of healing is unusually fast.
You have razor-sharp teeth.
You have supernaturally acute eyesight. (SInv)
You can survive without breathing.


Message History

The orc wizard casts a spell at you. The puff of flame hits you!
The orc wizard gestures at you while chanting.
The magic dart hits you!
* * * LOW HITPOINT WARNING * * *
The orc wizard closely misses you.
You barely miss the orc wizard.
The orc wizard is almost dead.
You bump into the rock wall.
The orc wizard hits you with a dagger.
* * * LOW HITPOINT WARNING * * *
You feel less confused.
The orc wizard gestures at you while chanting.
The magic dart hits you!
* * * LOW HITPOINT WARNING * * *
The orc wizard casts a spell at you. You resist with some effort.
You barely miss the orc wizard.
The orc wizard is almost dead.
The orc wizard hits you with a dagger.
You die...

#####
#..)#
#)<.#
#.).#
#..@#
#..o#
#...8.[.
##.....##
##...##
##.## #.#
#..


You could see an orc wizard (invisible).

Vanquished Creatures
  An orc priest (D:3)
  A worm (D:2)
  2 dart slugs (D:2)
  A leopard gecko (D:2)
  2 orcs (D:3)
  A ball python (D:1)
  10 bats
  4 giant cockroaches
  5 goblins
  8 hobgoblins
  4 jackals (D:2)
  A frilled lizard (D:2)
  6 kobolds
  10 rats
56 creatures vanquished.

Notes
Turn   | Place    | Note
-------+----------+-------------------------------------------
     0 | D:1      | straycat the Vampire Wanderer began the quest for the Orb.
     0 | D:1      | straycat set off with: a Young Poisoner's Handbook, Sif Muna's Reference Book on Moulding, a +0 short sword, a +0 robe, a potion of blood
     0 | D:1      | Reached XP level 1. HP: 15/15 MP: 3/3
     0 | D:1      | Identified Sif Muna's Reference Book on Moulding
     2 | D:1      | Learned a level 1 spell: Sting
   218 | D:1      | Reached XP level 2. HP: 19/21 MP: 5/5
  1151 | D:2      | HP: 1/21 [worm (1)]
  1687 | D:2      | Reached XP level 3. HP: 26/26 MP: 6/6
  2025 | D:2      | Learned a level 3 spell: Ignite Poison
  2074 | D:2      | Reached skill level 4 in Short Blades
  2697 | D:3      | Reached XP level 4. HP: 32/32 MP: 7/7
  2719 | D:3      | HP: 1/32 [orc wizard/magic dart (5)]
  2721 | D:3      | Slain by an orc wizard

Skill      XL: |  1  2  3 |
---------------+----------+-----
Stealth        | 2 3 |  3.9
Short Blades   | 4 |  4.2
Dodging        | 2 |  2.3
Fighting       | |  1.3
Spellcasting   | |  2.2
Poison Magic   | |  1.0
Evocations     | |  1.0

Action                   |  1- 3 |  4- 6 || total
-------------------------+-------+-------++-------
Melee: Short sword       |   136 |    16 ||   152
       Bite              |    18 |     1 ||    19
       Dagger            |    33 |       ||    33
 Cast: Sting             |     5 |       ||     5
       Ignite Poison     |     1 |       ||     1
  Use: Scroll            |     3 |       ||     3
       Potion            |     9 |       ||     9
 Stab: Sleeping          |    11 |       ||    11
       Distracted        |     1 |       ||     1
Armor: Robe              |    22 |       ||    22
       Leather armour    |    20 |     3 ||    23
Dodge: Dodged            |    92 |     5 ||    97
